 Dungeon Crawl Stone Soup version 0.20-a0-454-g2b43fbb (console) character file.

1143 nht the Quickloader (level 8, 0/56 HPs)
             Began as a Barachian Hunter on Jan 9, 2017.
             Succumbed to a gnoll's poison
             ... on level 5 of the Dungeon.
             The game lasted 00:09:44 (3601 turns).

nht the Quickloader (Barachian Hunter)              Turns: 3601, Time: 00:09:44

Health: 0/56       AC: 10    Str: 12    XL:     8   Next: 37%
Magic:  8/8        EV: 11    Int:  9    God:
Gold:   181        SH:  0    Dex: 23    Spells: 7/7 levels left

rFire  + . .     SeeInvis .     y - +2 hand axe (chop)
rCold  . . .     Gourm    .     e - +2 chain mail {rF+}
rNeg   . . .     Faith    .     (no shield)
rPois  .         Spirit   .     (no helmet)
rElec  .         Reflect  .     (no cloak)
rCorr  .         Harm     .     (no gloves)
MR     .....                    (no boots)
Stlth  ..........               q - amulet of regeneration
                                t - +3 ring of dexterity
                                v - +3 ring of dexterity

@: agile, lethally poisoned (0 -> -13), slow
A: swims, slowness 1, strong legs 1
a: Hop


You were on level 5 of the Dungeon.
You were hungry.

You visited 1 branch of the dungeon, and saw 6 of its levels.

You collected 181 gold pieces.

Inventory:

Hand Weapons
 a - a +2 hand crossbow
 b - a +0 short sword
 p - a +0 hand axe
 y - a +2 hand axe of chopping (weapon)
Armour
 e - a +2 chain mail of fire resistance (worn)
Jewellery
 j - an uncursed ring of protection from cold
 q - an amulet of regeneration (around neck)
 t - a +3 ring of dexterity (right hand)
 v - a +3 ring of dexterity (left hand)
Wands
 h - a wand of lightning (0/15)
 n - a wand of confusion (1/48)
Scrolls
 k - a scroll of remove curse
 o - a scroll of enchant weapon
Potions
 i - a potion of agility
 m - a potion of cancellation
Comestibles
 f - 3 bread rations
 g - 5 chunks of flesh
 l - 5 fruits
 r - a royal jelly
 s - 2 meat rations


   Skills:
 - Level 2.1 Fighting
 + Level 4.4 Axes
 - Level 8.6 Crossbows
 - Level 2.0 Dodging
 - Level 1.0 Stealth


You had 7 spell levels left.
You didn't know any spells.

Dungeon Overview and Level Annotations

Branches:
Dungeon (6/15)
 Temple: D:4-7

Altars:

Annotations:
D:6 Duvessa


Innate Abilities, Weirdness & Mutations

You can swim through water.
You cover ground slowly.
You can hop short distances.


Message History

You feel sick. The gnoll hits you but does no damage.
You are more poisoned.
You hit the gnoll but do no damage.
The gnoll is severely wounded.
You feel sick.
The gnoll hits you with a spear of venom.
* * * LOW HITPOINT WARNING * * *
You are more poisoned.
You hit the gnoll.
You kill the gnoll!
You hit the crimson imp.
* * * LOW HITPOINT WARNING * * *
You feel sick.
The crimson imp hits you but does no damage.
The crimson imp blinks!
* * * LOW HITPOINT WARNING * * *
You feel very sick. The crimson imp puffs mist at you.
You see here a spear of venom.
You die...

█.......█.............█.....(
█.......█.............'......
██......█.............█......
████████.............██...██
.......█....5█████+████...██
(......█.....█..............
.......█.....█..............
.......█...>.█..............
.......█..§@†█..............
.......█..)).'..............
.......'.....█...██..███....
█......█.....█...███████....
█......█.....█.........█.÷..
.......█.....█.........█....
.......█.....█.........█....
.......█.....█.........'....
.......█.....█.........█....


You could see a crimson imp.

Vanquished Creatures
  Menkaure (D:4)
  An orc warrior (D:6)
  A sky beast (D:6)
  2 ogres
  A centaur (D:5)
  A howler monkey (D:5)
  2 orc priests (D:3)
  A hound (D:4)
  A gnoll shaman (D:5)
  A bullfrog skeleton (D:4)
  An orc wizard (D:2)
  Jessica (D:3)
  Ijyb (D:3)
  An iguana (D:5)
  3 worker ants
  9 gnolls
  A river rat (D:3)
  5 adders
  4 leopard geckos
  11 orcs
  7 bats
  4 giant cockroaches
  10 goblins
  2 hobgoblins (D:2)
  11 jackals
  3 quokkas
  A ball python (D:4)
  8 frilled lizards
  10 kobolds
  11 rats
116 creatures vanquished.

Notes
Turn   | Place    | Note
-------+----------+-------------------------------------------
     0 | D:1      | nht the Barachian Hunter began the quest for the Orb.
     0 | D:1      | Reached XP level 1. HP: 16/16 MP: 1/1
    85 | D:1      | Reached skill level 4 in Crossbows
    85 | D:1      | Reached XP level 2. HP: 20/22 MP: 2/2
   278 | D:1      | You fall through a shaft!
   614 | D:2      | Reached XP level 3. HP: 27/27 MP: 3/3
  1216 | D:1      | Reached skill level 5 in Crossbows
  1216 | D:1      | Reached XP level 4. HP: 33/33 MP: 4/4
  1610 | D:3      | Noticed Jessica
  2092 | D:3      | Reached XP level 5. HP: 38/38 MP: 5/5
  2113 | D:3      | Found a glowing drain.
  2147 | D:3      | Noticed an ogre
  2151 | D:3      | Noticed Ijyb
  2152 | D:3      | Killed an ogre
  2152 | D:3      | Reached skill level 6 in Crossbows
  2152 | D:3      | Reached XP level 6. HP: 32/44 MP: 6/6
  2160 | D:3      | Killed Ijyb
  2466 | D:3      | Killed Jessica
  2610 | D:4      | Reached skill level 7 in Crossbows
  2938 | D:4      | Noticed Menkaure
  2946 | D:4      | Killed Menkaure
  2946 | D:4      | Reached XP level 7. HP: 28/50 MP: 7/7
  3023 | D:5      | Entered Level 5 of the Dungeon
  3059 | D:5      | Reached skill level 8 in Crossbows
  3492 | D:6      | Reached XP level 8. HP: 56/56 MP: 8/8
  3527 | D:6      | Noticed Duvessa
  3600 | D:5      | HP: 1/56 [poisoned by a gnoll]
  3601 | D:5      | Succumbed to a gnoll's poison

Vault maps used:
D:1:      dpeg_arrival_castle, serial_co_window_serial, co_window_paths_a,
          co_window_paths_a, co_window_paths_b, co_window_corner_a,
          co_window_paths_a, co_window_paths_b, co_window_cross_1,
          co_window_broadway_c, co_window_corner_cb, co_window_4corner_a,
          co_window_paths_e, glass_columns_b, glass_columns_c, glass_columns_c,
          glass_columns_b
D:2:      first_bread, minmay_door_square
D:3:      portal_sewer_entry_a, uniq_iyjb, uniq_jessica
D:4:      kennysheep_generic_room_7, uniq_menkaure
D:6:      hangedman_decor_points, uniq_duvessa, uniq_sigmund,
          uniq_prince_ribbit1

Skill      XL: |  1  2  3  4  5  6  7  8 |
---------------+-------------------------+-----
Crossbows      | 4 5 6 7 8 |  8.6
Axes           | 2 4 |  4.4
Fighting       | |  2.1
Dodging        | |  2.0
Stealth        | |  1.0

Action                   |  1- 3 |  4- 6 |  7- 9 || total
-------------------------+-------+-------+-------++-------
Melee: Hand axe          |       |       |    60 ||    60
 Fire: Hand crossbow     |    89 |   151 |    57 ||   297
 Abil: Hop               |       |     2 |     3 ||     5
Evoke: Wand              |       |     1 |    12 ||    13
  Use: Potion            |       |     4 |     4 ||     8
       Scroll            |       |     3 |     3 ||     6
  Eat: Chunk             |     1 |     6 |     2 ||     9
Armor: Leather armour    |     8 |    13 |       ||    21
       Chain mail        |       |    22 |    70 ||    92
       Skin              |       |       |    16 ||    16
Dodge: Dodged            |    26 |    50 |    40 ||   116
